 Dungeon Crawl Stone Soup version 0.26.1-2-gb8aa6d0cf2 (webtiles) character file.

Game seed: 2332877565039893624

160 Ladykiller69 the Skirmisher (level 5, -2/55 HPs)
             Began as an Ogre Fighter on Mar 19, 2021.
             Killed from afar by an orc wizard (4 damage)
             ... with a magic dart
             ... on level 3 of the Dungeon.
             The game lasted 00:05:40 (2281 turns).

Ladykiller69 the Skirmisher (Ogre Fighter)          Turns: 2281, Time: 00:05:42

Health: -2/55      AC:  4    Str: 18 (21) XL:     5   Next: 41%
Magic:  5/5        EV:  8    Int:  7 (9)  God:
Gold:   98         SH:  9    Dex:  6 (8)  Spells: 4/4 levels left

rFire    + . .     SeeInvis .   a - +1 war axe
rCold    + . .     Faith    .   c - +1 kite shield
rNeg     . . .     Spirit   .   b - +0 robe
rPois    +         Reflect  .   (helmet restricted)
rElec    +         Harm     .   g - +0 cloak
rCorr    +         Rampage  .   (gloves unavailable)
Will     .....                  (boots unavailable)
Stlth    +.........             (no amulet)
HPRegen  0.18/turn              (no ring)
MPRegen  0.09/turn              (no ring)

@: resistant, hasted (expiring), very quick
A: large, unfitting armour, tough skin 1
a: no special abilities


You were on level 3 of the Dungeon.
You visited 1 branch of the dungeon, and saw 3 of its levels.

You collected 98 gold pieces.

Inventory:

Hand Weapons
 a - a +1 war axe (weapon)
Missiles
 n - 14 poisoned darts (quivered)
Armour
 b - a +0 robe (worn)
 c - a +1 kite shield (worn)
 g - a +0 cloak (worn)
Jewellery
 p - an uncursed amulet of reflection {unknown}
Scrolls
 f - 3 scrolls of identify
 h - a scroll of amnesia
 o - 2 scrolls of noise
Potions
 e - a potion of haste
 k - a potion of degeneration


   Skills:
 + Level 4.9 Fighting
 * Level 3.7 Axes
 - Level 2.6 Dodging
 * Level 4.0 Shields


You had 4 spell levels left.
You didn't know any spells.
Your spell library contained the following spells:

 Spells                   Type           Power        Failure   Level
 Confusing Touch          Hex            0%           99%         3
 Gell's Gravitas          Tloc           0%           99%         3
 Petrify                  Tmut/Erth      0%           100%        4
 Metabolic Englaciation   Hex/Ice        0%           100%        5
 Yara's Violent Unravell  Hex/Tmut       0%           100%        5


Dungeon Overview and Level Annotations

Branches:
Dungeon (3/15)

Altars:

Annotations:
D:3 2 transporters, nightchill's ghost, amateur DDFi


Innate Abilities, Weirdness & Mutations

You are too large for most types of armour.
You have tough skin. (AC +1)


Message History

You slash the orc priest!
The orc priest is severely wounded.
You barely miss something.
Your extra speed is starting to run out.
Something hits you.
* * * LOW HITPOINT WARNING * * *
The orc priest casts a cantrip, but nothing happens.
You hit the orc priest.
The orc priest is severely wounded.
You slash something! Something hits you.
* * * LOW HITPOINT WARNING * * *
The orc priest hits you.
* * * LOW HITPOINT WARNING * * *
You miss something.
You hit the orc priest but do no damage.
Something hits you but does no damage.
You hear some strange, mumbled words.
A magic dart appears from out of thin air!
The magic dart hits you.
You die...

##### #...## #....##
#.{o..### #.@)....#
####.##.#
###.##.######
##..oo.......##
##.............#####
#...............##..
#......)........##..
................##..
...o................


You could see an orc priest.

Vanquished Creatures
  Terence (D:2)
  4 gnolls (D:3)
  2 adders
  An ooze (D:1)
  2 worms
  A dart slug (D:3)
  5 orcs (D:3)
  11 bats
  4 giant cockroaches
  5 goblins
  4 hobgoblins
  10 jackals
  A quokka (D:3)
  3 frilled lizards
  6 kobolds
  A rat (D:1)
61 creatures vanquished.

Notes
Turn   | Place    | Note
-------+----------+-------------------------------------------
     0 | D:1      | Ladykiller69 the Ogre Fighter began the quest for the Orb.
     0 | D:1      | Reached XP level 1. HP: 24/24 MP: 1/1
   326 | D:1      | Reached XP level 2. HP: 31/32 MP: 2/2
   930 | D:2      | Reached XP level 3. HP: 37/39 MP: 3/3
  1099 | D:2      | Found a faded altar of an unknown god.
  1100 | D:2      | Noticed Terence
  1433 | D:2      | Killed Terence
  1434 | D:2      | Reached XP level 4. HP: 41/49 MP: 4/4
  1897 | D:3      | Reached XP level 5. HP: 55/55 MP: 5/5
  2120 | D:3      | Noticed a sky beast
  2136 | D:3      | Noticed nightchill's ghost (amateur DDFi)
  2142 | D:3      | Found a transporter.
  2145 | D:3      | Found a transporter.
  2280 | D:3      | HP: 1/55 [orc priest (2)]
  2281 | D:3      | Killed from afar by an orc wizard

Illustrated notes

Levels and vault maps discovered:
D:1:      dpeg_arrival_radiant, layout_loops_ring
D:2:      layout_basic, chequers_ecumenical_altar_simple, uniq_terence
D:3:      layout_rooms, grunt_dithmenos_smoke_and_mirrors, gammafunk_ghost_arena

Skill      XL: |  1  2  3  4  5 |
---------------+----------------+-----
Shields        | 3 4 |  4.0
Axes           | 3 |  3.7
Fighting       | |  4.9
Dodging        | |  2.6

Action                   |  1- 3 |  4- 6 || total
-------------------------+-------+-------++-------
Melee: War axe           |   146 |    90 ||   236
Throw: Dart              |       |     8 ||     8
  Use: Potion            |     1 |     7 ||     8
       Scroll            |       |     5 ||     5
Armor: Robe              |    63 |    33 ||    96
Dodge: Dodged            |    74 |    39 ||   113
Block: Kite shield       |    66 |    46 ||   112
